AoeStats
← Sweet vendeta

Arena

509657979Analyzed
4v4 RM · 5d ago on Sep 27, 2026· 72m 40s· 8 players
Game mode
Random Map
Map size
Large (8 player)
Population
200
Speed
Normal
Resources
Standard
Victory
Conquest
Starting age
Dark Age
Ending age
Imperial Age
RankedLock teamsTeams togetherTeam positionsShared explorationLock speedFull tech treeHidden civsTurbo modeCheats
Victory
Defeat
🇳🇴 Poles · Norway
1121
+35
🇹🇼 Danes · Taiwan
1106
+15
🇷🇺 Saxons · Russia
1093
+15
🇭🇰 Celts · Hong Kong SAR China
1074
+16
🇲🇽 Italians · Mexico
1131
-17
🇨🇦 Magyars · Canada
1079
-15
🇲🇽 Portuguese · Mexico
1063
-14
🇦🇷 Vietnamese · Argentina
1057
-14
xalt0s
11:08 Feudal Age
12:42 Double-Bit Axe
15:08 Castle Age
13:12 Horse Collar
19:49 Loom
22:14 Stone Mining
23:32 Heavy Plow
24:46 Wheelbarrow
24:31 Gold Mining
24:58 Bow Saw
28:38 Imperial Age
26:18 Scale Barding Armor
26:23 Forging
27:17 Hand Cart
27:35 Chain Barding Armor
27:25 Forging
28:33 Bloodlines
28:23 Husbandry
27:44 Light Cavalry
29:56 Conscription
30:19 Iron Casting
30:59 Lechitic Legacy
32:17 Blast Furnace
32:18 Winged Hussar
38:52 Chemistry
38:33 Siege Engineers
40:45 Fletching
41:19 Bombard Tower
41:10 Masonry
51:25 Crop Rotation
Tomoki
10:57 Feudal Age
11:36 Double-Bit Axe
11:36 Horse Collar
14:24 Wheelbarrow
17:02 Castle Age
16:31 Gold Mining
18:27 Bow Saw
18:12 Stone Mining
20:36 Heavy Plow
24:37 Gold Shaft Mining
24:16 Town Watch
25:05 Hand Cart
24:38 Loom
28:41 Imperial Age
27:35 Fletching
27:46 Padded Archer Armor
28:08 Ballistics
29:28 Masonry
29:16 Bodkin Arrow
29:37 Leather Archer Armor
29:30 Thumb Ring
28:46 Cranequins
29:20 Onager
30:27 Northmen's Fury
31:54 Siege Engineers
31:57 Bracer
32:27 Ring Archer Armor
32:16 Siege Onager
33:37 Siege Onager
34:16 Pikeman
34:56 Squires
34:19 Hamask
34:27 Siege Onager
35:21 Forging
35:11 Scale Mail Armor
35:03 Arson
35:03 Gambesons
35:57 Conscription
35:10 Hamask
36:55 Iron Casting
35:43 Halberdier
37:28 Chain Mail Armor
42:32 Blast Furnace
42:02 Plate Mail Armor
59:23 Town Patrol
73:34 Chemistry
72:36 Bracer
73:06 Ring Archer Armor
72:48 Bloodlines
72:39 Husbandry
little4
8:46 Loom
12:25 Feudal Age
13:22 Double-Bit Axe
15:43 Castle Age
13:40 Gold Mining
15:33 Wheelbarrow
17:36 Bow Saw
18:07 Gold Shaft Mining
17:18 Horse Collar
21:41 Heavy Plow
22:42 Gold Shaft Mining
23:02 Scale Mail Armor
23:12 Forging
23:25 Pikeman
24:15 Gambesons
23:51 Man-at-Arms
25:20 Long Swordsman
28:20 Chain Mail Armor
28:41 Iron Casting
32:34 Stone Mining
36:00 Imperial Age
36:25 Onager
37:01 Two-Handed Swordsman
37:52 Arson
38:43 Plate Mail Armor
39:13 Blast Furnace
38:13 Champion
41:11 Halberdier
43:31 Furor Celtica
43:01 Capped Ram
45:07 Stone Shaft Mining
45:08 Siege Onager
46:31 Fortified Wall
46:48 Siege Engineers
49:53 Murder Holes
51:00 Fletching
51:34 Ballistics
51:37 Elite Woad Raider
54:45 Heavy Scorpion
56:41 Siege Ram
Step Brother
10:47 Feudal Age
14:58 Castle Age
13:47 Double-Bit Axe
14:17 Horse Collar
16:33 Bow Saw
20:19 Heavy Plow
21:10 Loom
21:12 Town Watch
24:37 Scale Mail Armor
27:13 Wheelbarrow
26:39 Town Patrol
28:45 Chain Mail Armor
28:41 Forging
29:30 Fletching
29:42 Padded Archer Armor
32:43 Imperial Age
30:33 Elite Skirmisher
32:58 Thumb Ring
34:37 Conscription
33:40 Pikeman
34:21 Squires
34:06 Gambesons
34:52 Halberdier
38:40 Bodkin Arrow
51:06 Light Cavalry
55:50 Man-at-Arms
60:08 Long Swordsman
65:36 Bracer
65:52 Leather Archer Armor
72:01 Ballistics
72:42 Chemistry
71:48 Siege Engineers
71:26 Treadmill Crane
Machetekills135
0:27 Loom
12:01 Feudal Age
17:43 Castle Age
16:39 Double-Bit Axe
16:40 Horse Collar
21:53 Bow Saw
24:16 Wheelbarrow
25:12 Heavy Plow
32:15 Imperial Age
30:43 Light Cavalry
31:24 Husbandry
31:34 Bloodlines
31:48 Pikeman
32:15 Gambesons
32:15 Arson
33:08 Hand Cart
34:17 Scale Barding Armor
34:23 Forging
34:13 Scale Mail Armor
34:10 Halberdier
35:13 Cavalier
43:12 Two-Man Saw
43:20 Chain Barding Armor
43:35 Iron Casting
43:17 Chain Mail Armor
45:53 Padded Archer Armor
45:44 Fletching
46:24 Plate Mail Armor
46:55 Blast Furnace
47:17 Chemistry
46:08 Heated Shot
46:38 Ballistics
46:47 Crossbowman
47:33 Thumb Ring
49:23 Leather Archer Armor
49:03 Bodkin Arrow
48:54 Capped Ram
50:23 Arbalester
60:36 Fortified Wall
60:37 Masonry
61:03 Bombard Tower
Sweet vendeta
8:26 Loom
10:30 Feudal Age
11:05 Double-Bit Axe
14:42 Horse Collar
17:31 Castle Age
16:58 Gold Mining
16:59 Stone Mining
20:45 Town Watch
24:44 Bow Saw
29:31 Imperial Age
27:45 Fletching
27:57 Padded Archer Armor
28:03 Heavy Plow
29:01 Bodkin Arrow
29:45 Wheelbarrow
29:56 Leather Archer Armor
29:55 Murder Holes
31:35 Chemistry
31:24 Conscription
31:36 Ballistics
30:57 Treadmill Crane
31:32 Bracer
32:27 Stone Shaft Mining
32:46 Thumb Ring
34:49 Town Patrol
36:16 Hand Cart
37:00 Hoardings
37:30 Crop Rotation
38:32 Two-Man Saw
39:37 Elite Genoese Crossbowman
41:53 Ring Archer Armor
41:29 Scale Barding Armor
41:25 Scale Mail Armor
41:36 Forging
41:40 Bloodlines
41:31 Husbandry
41:18 Arson
41:34 Squires
48:12 Masonry
48:14 Fortified Wall
47:31 Cavalier
47:33 Light Cavalry
48:46 Chain Mail Armor
49:07 Iron Casting
48:52 Chain Barding Armor
51:40 Blast Furnace
50:13 Hussar
52:09 Plate Barding Armor
52:05 Plate Mail Armor
59:57 Bombard Tower
60:09 Architecture
59:30 Guard Tower
59:25 Arrowslits
BiggM4k
5:28 Loom
10:35 Feudal Age
15:02 Castle Age
13:18 Double-Bit Axe
13:38 Horse Collar
16:41 Bow Saw
22:20 Stone Mining
23:43 Heavy Plow
24:51 Wheelbarrow
24:54 Town Watch
25:11 Gold Mining
25:32 Corvinian Army
30:22 Imperial Age
29:02 Scale Barding Armor
30:18 Chain Barding Armor
30:25 Bloodlines
30:15 Husbandry
31:34 Elite Magyar Huszar
32:35 Conscription
33:48 Plate Barding Armor
32:38 Cavalier
35:53 Paladin
38:15 Crop Rotation
38:03 Hand Cart
56:22 Heavy Cavalry Archer
57:28 Parthian Tactics
57:09 Thumb Ring
57:10 Padded Archer Armor
57:00 Fletching
57:52 Light Cavalry
59:09 Bodkin Arrow
59:30 Leather Archer Armor
62:25 Bracer
tony halcon
11:11 Feudal Age
14:51 Castle Age
12:38 Horse Collar
13:21 Double-Bit Axe
16:12 Bow Saw
20:07 Loom
22:04 Wheelbarrow
24:34 Hand Cart
24:52 Fletching
25:21 Padded Archer Armor
25:26 Husbandry
25:36 Bloodlines
26:30 Ballistics
30:08 Imperial Age
28:02 Bodkin Arrow
28:22 Leather Archer Armor
27:50 Treadmill Crane
30:59 Caravan
31:31 Masonry
32:10 Bracer
33:31 Hoardings
35:47 Leather Archer Armor
35:41 Thumb Ring
34:58 Heavy Cavalry Archer
40:26 Chemistry
39:58 Ring Archer Armor
45:14 Coinage
46:14 Banking
57:05 Heavy Plow
56:46 Elite Skirmisher
57:44 Fortified Wall
60:12 Imperial Skirmisher
61:29 Guilds
Connection lost

Rejoining the realm…

Still unreachable

The connection could not be restored.

Session expired

The server has moved on; the page needs a fresh start.